cohdb
Replays
Latest Replays
All Replays
Popular Replays
Top Player Replays
Match Explorer
How It Works
Community
CoH3 Stats
Reddit
Sign in to upload your games and track your stats! →
Sign in with Steam
Match 45618641
Unlisted
Match 45618641
Overview
Messages
Build Orders
End
Construct Infanterie Kompanie
Grenadier Squad
Grenadier Squad
Grenadier Squad
Grenadier Squad
Infanterie Officer Quarters
Construct Panzergrenadier Kompanie
251 Medium Carrier
Pak 40 Anti-tank Gun Team
Support Elements
StuG III G Assault Gun
Selects Breakthrough Battlegroup
Selects Rapid Production
Selects Assault Grenadiers
Selects Breakthrough
Breakthrough
Panzergrenadier Officer Quarters
Medical Bunker
Nebelwerfer 42 Rocket Launcher Team
MG 42 Machine Gun Team
Panzergrenadier Squad
StuG III G Assault Gun
Selects Blitzkrieg
MadMax
CalmDownMonkey
0
0
Comments
sign in to comment!
No comments posted yet!